 Dungeon Crawl Stone Soup version 0.27-a0-1278-g6cbc8dfb29 (webtiles) character file.

Game seed: 2509538376302103053

499 night the Chiller (level 7, -12/46 HPs)
             Began as a Merfolk Ice Elementalist on June 12, 2021.
             Mangled by Menkaure (23 damage)
             ... on level 4 of the Dungeon.
             The game lasted 00:08:38 (3730 turns).

night the Chiller (Merfolk Ice Elementalist)        Turns: 3730, Time: 00:08:39

Health: -12/46     AC:  5    Str:  9    XL:     7   Next: 16%
Magic:  14/14      EV: 12    Int: 16    God:
Gold:   144        SH:  0    Dex: 14    Spells: 9/16 levels left

rFire    . . .     SeeInvis .   b - +0 trident
rCold    + . .     Faith    .   (no shield)
rNeg     . . .     Spirit   .   a - +0 robe
rPois    .         Reflect  .   (no helmet)
rElec    .         Harm     .   (no cloak)
rCorr    .         Rampage  .   h - +0 pair of gloves
Will     .....                  c - +1 pair of boots
Stlth    ++........             j - amulet of the acrobat
HPRegen  0.15/turn              d - ring of protection from cold
MPRegen  0.14/turn              (no ring)

@: no status effects
A: (nimble swimmer 2), mertail
a: no special abilities


You were on level 4 of the Dungeon.
You visited 1 branch of the dungeon, and saw 4 of its levels.

You collected 144 gold pieces.

Inventory:

Hand Weapons
 b - a +0 trident (weapon)
Armour
 a - a +0 robe (worn)
 c - a +1 pair of boots (worn)
 h - a +0 pair of gloves (worn)
Jewellery
 d - a ring of protection from cold (left hand)
 j - an amulet of the acrobat (around neck)
Scrolls
 e - 3 scrolls of fog
Potions
 f - a potion of flight {unknown}
 g - a potion of haste {unknown}
 i - 2 potions of brilliance {unknown}
 k - 2 potions of heal wounds
 l - a potion of curing {unknown}
 m - 2 potions of resistance {unknown}


   Skills:
 - Level 2.6 Dodging
 - Level 2.1 Stealth
 + Level 5.1 Spellcasting
 + Level 7.1 Ice Magic


You had 9 spell levels left.
You knew the following spells:

 Your Spells              Type           Power      Damage    Failure   Level
a - Freeze                Ice            100%       1d11      1%          1
b - Frozen Ramparts       Ice            54%        1d7       2%          3
c - Ozocubu's Armour      Ice            27%        N/A       2%          3

Your spell library contained the following spells:

 Spells                   Type           Power      Damage    Failure   Level
 Animate Skeleton         Necr           8%         N/A       16%         1
 Apportation              Tloc           8%         N/A       16%         1
 Corona                   Hex            4%         N/A       16%         1
 Pain                     Necr           16%        1d4       16%         1
 Summon Small Mammal      Summ           16%        N/A       16%         1
 Hailstorm                Conj/Ice       15%        3d5       34%         4
 Vampiric Draining        Necr           2%         2d6       41%         3
 Metabolic Englaciation   Hex/Ice        7%         N/A       67%         5
 Animate Dead             Necr           2%         N/A       83%         4
 Agony                    Necr           4%         N/A       99%         5


Dungeon Overview and Level Annotations

Branches:
Dungeon (4/15)
 Temple: D:4-7

Altars:
Dithmenos
Ru

Annotations:
D:4 Menkaure


Innate Abilities, Weirdness & Mutations

((You are quick and stealthy near water. (Stealth+, EV+, Speed+++)))
Your lower body shifts to a powerful aquatic tail in water.


Message History

Casting: Frozen Ramparts (dangerous; 2% risk of failure)
Confirm with . or Enter, or press ? or * to list all spells.
Casting: Frozen Ramparts (dangerous; 2% risk of failure)
Press: ? - help, Dir - look around, f - activate The walls around you are covered in ice.
The wall freezes the kobold.
The kobold barely misses you.
The wall freezes the kobold.
You kill the kobold!
The frozen ramparts melt away.
Things that are here:
a +0 dagger; a kobold corpse
Found 20 bolts.
Found a stone staircase leading down.
Menkaure, Prince of Dust comes into view.
Okay, then.
Okay, then.
Menkaure shouts!
Menkaure whispers drily.
There is a stone staircase leading down here.
Menkaure points at you and mumbles some strange words.
Pain shoots through your body!
You reach to attack!
You hit Menkaure but do no damage. You hit Menkaure.
Menkaure is moderately damaged.
Menkaure calls on the powers of darkness!
Your body is wracked with pain!
You hit Menkaure but do no damage.
Menkaure is moderately damaged.
Menkaure mumbles some strange words.
Menkaure seems to speed up.
You hit Menkaure.
Menkaure is heavily damaged.
Menkaure calls on the powers of darkness!
Your body is wracked with pain!
* * * LOW HITPOINT WARNING * * *
There is a stone staircase leading down here.
You can't go up here!
Menkaure hits you!!
Ouch! That really hurt!
You die...

#..####^####.#
########.###
...........###########
#.#
#######.####.........#
#.# #......#.####..#
#.# ######.#.# #..#
#.# ### #.#.####..#
#.# ..# #.#.#......
#.# #.# #.#.#.##..#.
..# #.#@#.##..#.. ...
# #...M.....# ## ..
###.......# #.
###.##### .# .# .# .#
.#


You could see Menkaure (fast).

Vanquished Creatures
  Sigmund (D:4)
  A phantom (D:4)
  An orc priest (D:4)
  A centaur skeleton (D:4)
  An orc wizard (D:4)
  2 iguanas (D:4)
  2 adders
  4 gnolls (D:2)
  2 dart slugs (D:2)
  6 orcs (D:4)
  4 ball pythons
  6 endoplasms
  9 giant cockroaches
  6 goblins
  7 hobgoblins
  9 jackals
  10 kobolds
  3 quokkas
  A bat (D:1)
  2 frilled lizards (D:1)
  6 rats
84 creatures vanquished.

Vanquished Creatures (others)
  2 plants (D:1)
2 creatures vanquished.

Grand Total: 86 creatures vanquished

Notes
Turn   | Place    | Note
-------+----------+-------------------------------------------
     0 | D:1      | night the Merfolk Ice Elementalist began the quest for the
                  | Orb.
     0 | D:1      | Reached XP level 1. HP: 13/13 MP: 3/3
    69 | D:1      | Reached XP level 2. HP: 11/19 MP: 0/5
   728 | D:1      | Reached XP level 3. HP: 20/24 MP: 4/6
   732 | D:1      | Learned a level 3 spell: Frozen Ramparts
   736 | D:1      | Learned a level 3 spell: Ozocubu's Armour
   997 | D:2      | Reached skill level 5 in Ice Magic
  1376 | D:2      | Reached XP level 4. HP: 30/30 MP: 1/8
  1683 | D:2      | Found a faded altar of an unknown god.
  2030 | D:3      | Reached XP level 5. HP: 35/35 MP: 6/10
  2564 | D:3      | Found a sacrificial altar of Ru.
  2785 | D:4      | Reached skill level 6 in Ice Magic
  2877 | D:4      | Noticed a phantom
  2914 | D:4      | Killed a phantom
  2915 | D:4      | Reached XP level 6. HP: 25/41 MP: 8/12
  3039 | D:4      | Found a shadowy altar of Dithmenos.
  3222 | D:4      | Noticed Sigmund
  3244 | D:4      | Killed Sigmund
  3245 | D:4      | Reached skill level 7 in Ice Magic
  3245 | D:4      | Reached XP level 7. HP: 29/46 MP: 8/14
  3367 | D:4      | Reached skill level 5 in Spellcasting
  3709 | D:4      | Noticed Menkaure
  3730 | D:4      | Mangled by Menkaure

Illustrated notes

Levels and vault maps discovered:
D:1:      wander_arrival_fairy_ring, layout_rooms
D:2:      layout_rooms, hellmonk_ecumenical_altar_blasted
D:3:      layout_rooms, nicolae_ru_the_path_less_chosen, roderic_roman_lattice,
          grunt_ministairs_1
D:4:      layout_loops_corners, lemuel_tele_altar,
          nicolae_dithmenos_the_darkroom, uniq_sigmund, uniq_menkaure,
          uniq_duvessa

Skill      XL: |  1  2  3  4  5  6  7 |
---------------+----------------------+-----
Ice Magic      | 5 6 7 |  7.1
Spellcasting   | 3 4 5 |  5.1
Dodging        | |  2.6
Stealth        | |  2.1

Action                   |  1- 3 |  4- 6 |  7- 9 || total
-------------------------+-------+-------+-------++-------
Melee: Unarmed           |     6 |       |       ||     6
       Trident           |    63 |   112 |    15 ||   190
 Cast: Freeze            |    22 |     9 |       ||    31
       Frozen Ramparts   |     1 |     9 |     5 ||    15
       Ozocubu's Armour  |     1 |     4 |       ||     5
  Use: Scroll            |     3 |     3 |       ||     6
 Stab: Sleeping          |     5 |     7 |       ||    12
       Distracted        |       |     1 |       ||     1
Armor: Robe              |    26 |    44 |     2 ||    72
Dodge: Dodged            |    43 |    89 |     6 ||   138

Table legend: (Time is in decaauts)
 A = Elapsed time spent in this place.
 B = Non-inter-level travel time spent in this place.
 C = Inter-level travel time spent in this place.
 D = Time resting spent in this place.
 E = Time spent auto-exploring this place.
 F = Levels seen in this place.
 G = Mean time per level.
                   A        B        C        D        E       F      G
               +--------+--------+--------+--------+--------+-----+--------+
         Total |   3785 |   3736 |     49 |    534 |   2451 |   4 |  946.2 |
       Dungeon |   3785 |   3736 |     49 |    534 |   2451 |   4 |  946.2 |
               +--------+--------+--------+--------+--------+-----+--------+

Top non-repeatable levels by time:
     D:4: 1142 daAuts
     D:1: 997 daAuts
     D:2: 988 daAuts
     D:3: 656 daAuts
